 Dungeon Crawl Stone Soup version 0.21.0-3-g78d12a8 (webtiles) character file.

13545 magipi the Grappler (level 11, -6/103 (105) HPs)
             Began as a Troll Hunter on Jan 9, 2018.
             Was a High Priest of Ru.
             Mangled by an eight-headed hydra (7 damage)
             ... on level 2 of the Lair of Beasts.
             The game lasted 00:49:09 (10645 turns).

magipi the Grappler (Troll Hunter)                 Turns: 10645, Time: 00:49:09

HP:   -6/103 (105)  AC: 10    Str: 22    XL:     11   Next: 77%
MP:   13/13         EV:  9    Int:  7    God:    Ru [*****.]
Gold: 875           SH:  8    Dex: 13    Spells: 10/10 levels left

rFire    + . .     SeeInvis .     - Unarmed
rCold    . . .     Gourm    +   (no shield)
rNeg     . . .     Faith    .   K - +0 troll leather armour
rPois    .         Spirit   .   n - +1 hat
rElec    .         Reflect  +   L - +1 cloak of Fallacy {rF+}
rCorr    .         Harm     .   (gloves unavailable)
MR       +....                  (boots unavailable)
Stlth    +.........             u - brooch of Shielding {Reflect SH+8}
HPRegen  1.07/turn              (no ring)
MPRegen  0.13/turn              m - ring of protection from magic

@: drained
A: large, unfitting armour, claws 3, fast metabolism 3, gourmand, regeneration
1, shaggy fur 1, tough skin 2, inability to train dodging, inability to train
armour, inexperienced 1
a: Draw Out Power, Power Leap, Apocalypse, Renounce Religion


You were on level 2 of the Lair of Beasts.
You worshipped Ru.
Ru was extremely pleased with you.
You were full.

You visited 3 branches of the dungeon, and saw 14 of its levels.

You collected 875 gold pieces.

Inventory:

Hand Weapons
 b - a +0 blowgun
   (You took it off a kobold on level 9 of the Dungeon)
Missiles
 d - 4 throwing nets
 C - 2 large rocks (quivered)
 I - 68 poisoned needles
Armour
 n - a +1 hat (worn)
   (You found it on level 6 of the Dungeon)
 K - a +0 troll leather armour (worn)
   (You found it on level 9 of the Dungeon)
 L - the +1 cloak of Fallacy (worn) {rF+}
   (You acquired it on level 1 of the Lair of Beasts)

   It protects you from fire.
Jewellery
 c - an uncursed ring of ice
   (You found it on level 1 of the Dungeon)
 f - an uncursed ring of fire
   (You found it on level 5 of the Dungeon)
 m - a ring of protection from magic (right claw)
   (You took it off Erica on level 11 of the Dungeon)
 u - the brooch of Shielding (around neck) {Reflect SH+8}
   (You found it on level 5 of the Dungeon)

   [amulet of reflection]

   It shields you and reflects attacks.
   It affects your SH (+8).
Wands
 a - a wand of enslavement (11)
   (You found it on level 10 of the Dungeon)
 h - a wand of digging (16)
   (You found it on level 5 of the Dungeon)
 q - a wand of disintegration (13)
   (You took it off an orc on level 11 of the Dungeon)
 A - a wand of random effects (12)
   (You found it on level 7 of the Dungeon)
 E - a wand of polymorph (14)
   (You took it off an orc on level 8 of the Dungeon)
 H - a wand of flame (25)
   (You found it on level 9 of the Dungeon)
Scrolls
 e - a scroll of remove curse
 j - 7 scrolls of teleportation
 w - 2 scrolls of enchant weapon
 z - a scroll of enchant armour
 B - 4 scrolls of fog
 F - a scroll of identify
 J - a scroll of fear {unknown}
Potions
 g - a potion of might
 i - 4 potions of haste
 k - a potion of ambrosia
 l - a potion of lignification
 o - 2 potions of flight
 p - a potion of magic
 s - 4 potions of curing
 x - a potion of heal wounds
 D - a potion of brilliance
 G - a potion of resistance
 M - a potion of berserk rage
Books
 t - a book of Necromancy
   (You found it on level 6 of the Dungeon)

   Spells                             Type                      Level
   a - Pain                           Necromancy                   1
   b - Animate Skeleton               Necromancy                   1
   c - Vampiric Draining              Necromancy                   3
   d - Regeneration                   Charms/Necromancy            3
   e - Animate Dead                   Necromancy                   4
   f - Borgnjor's Vile Clutch         Necromancy/Earth             5
 v - a book of Minor Magic
   (You found it on level 3 of the Dungeon)

   Spells                             Type                      Level
   a - Magic Dart                     Conjuration                  1
   b - Blink                          Translocation                2
   c - Call Imp                       Summoning                    2
   d - Slow                           Hexes                        2
   e - Conjure Flame                  Conjuration/Fire             3
   f - Mephitic Cloud                 Conjuration/Poison/Air       3
Comestibles
 r - 21 rations


   Skills:
 + Level 5.7(4.7) Fighting
 - Level 10.0(8.9) Throwing
   Level 0.0 Dodging
 - Level 0.3(0.0) Stealth
 - Level 12.5(11.3) Unarmed Combat
 + Level 4.9(3.9) Evocations


You had 10 spell levels left.
You didn't know any spells.

Dungeon Overview and Level Annotations

Branches:
Dungeon (11/15)            Temple (1/1) D:6            Lair (2/6) D:9
    Orc (0/2) D:10
  Swamp: Lair:2-4    Shoals: Lair:2-4     Snake: Lair:2-4    Spider: Lair:2-4

Altars:
Ashenzari
Cheibriados
Dithmenos
Elyvilon
Fedhas
Gozag
Hepliaklqana
Kikubaaqudgha
Makhleb
Nemelex Xobeh
Okawaru
Qazlal
Ru
Sif Muna
Trog
Uskayaw
Vehumet
Wu Jian
Xom
Yredelemnul
Zin
The Shining One

Annotations:
D:6 exclusion: door


Innate Abilities, Weirdness & Mutations

You are too large for most types of armour.
You have claws for hands.
Your metabolism is lightning-fast.
You like to eat raw meat.
Your natural rate of healing is unusually fast.
You are covered in fur. (AC +1)
You have very tough skin. (AC +2)
You cannot train Dodging skill.
You cannot train Armour skill.
You are somewhat inexperienced. (-2 XL)


Message History

Throwing (i - inventory. (,) - cycle):
C - 5 large rocks (quivered)
Press: ? - help, Shift-Dir - straight line, f/p - eight-headed hydra
Aim: an eight-headed hydra (heavily wounded)
You throw a large rock.
The large rock hits the eight-headed hydra!
The eight-headed hydra is heavily wounded.
Unknown command.
There is a stone staircase leading down here.
You block the water moccasin's attack.
Evoke which item? (* to show all) (? for menu, Esc to quit)
Aiming: Iceblast
Press: ? - help, Shift-Dir - straight line, p - eight-headed hydra The mass of ice explodes!
The iceblast engulfs the eight-headed hydra.
The eight-headed hydra is heavily wounded.
You block the eight-headed hydra's attack.
The eight-headed hydra closely misses you.
You block the eight-headed hydra's attack.
The eight-headed hydra bites you!
The eight-headed hydra barely misses you.
The eight-headed hydra closely misses you.
The eight-headed hydra misses you.
The eight-headed hydra barely misses you.
The water moccasin bites you but does no damage.
Unknown command.
Unknown command.
Evoke which item? (* to show all) (? for menu, Esc to quit)
Aiming: Iceblast
Press: ? - help, Shift-Dir - straight line The mass of ice explodes!
The iceblast engulfs the eight-headed hydra.
The eight-headed hydra is almost dead.
The now-empty wand crumbles to dust.
The water moccasin bites you.
You block the eight-headed hydra's attack.
The eight-headed hydra bites you!
You focus your will and blind the eight-headed hydra in retribution!
The eight-headed hydra bites you!
The eight-headed hydra bites you but does no damage.
You block the eight-headed hydra's attack.
The eight-headed hydra bites you but does no damage.
The eight-headed hydra bites you!
You focus your will and illuminate the eight-headed hydra in retribution!
The eight-headed hydra bites you but does no damage.
Unknown command.
Unknown command.
Evoke which item? (* to show all) (? for menu, Esc to quit)
You don't have any such object.
Evoke which item? (* to show all) (? for menu, Esc to quit)
Huh?
Evoke which item? (* to show all) (? for menu, Esc to quit)
You don't have any such object.
Evoke which item? (* to show all) (? for menu, Esc to quit)
Okay, then.
Evoke which item? (* to show all) (? for menu, Esc to quit)
Okay, then.
Unknown command.
Throwing (i - inventory. (,) - cycle):
C - 4 large rocks (quivered)
Press: ? - help, Shift-Dir - straight line, f - eight-headed hydra
Aim: an eight-headed hydra (almost dead, softly glowing, blind)
You throw a large rock.
The large rock hits the eight-headed hydra.
The eight-headed hydra is almost dead.
The water moccasin is stunned by your will and fails to attack.
The water moccasin bites you but does no damage.
The eight-headed hydra bites you.
You focus your will and illuminate the eight-headed hydra in retribution!
The eight-headed hydra bites you. x2
You block the eight-headed hydra's attack.
The eight-headed hydra bites you but does no damage.
The eight-headed hydra bites you. x2
The eight-headed hydra completely misses you.
The water moccasin misses you.
You block the eight-headed hydra's attack.
The eight-headed hydra bites you.
The eight-headed hydra bites you but does no damage. x2
The eight-headed hydra bites you.
You focus your will and illuminate the eight-headed hydra in retribution!
You block the eight-headed hydra's attack.
The eight-headed hydra bites you!
* * * LOW HITPOINT WARNING * * *
The eight-headed hydra closely misses you.
Throwing (i - inventory. (,) - cycle):
C - 3 large rocks (quivered)
Press: ? - help, Shift-Dir - straight line, f/p - eight-headed hydra
Aim: an eight-headed hydra (almost dead, softly glowing, blind)
You throw a large rock.
The large rock hits the eight-headed hydra.
The eight-headed hydra is almost dead.
You redirect the water moccasin's attack!
The water moccasin bites itself.
The eight-headed hydra barely misses you.
The eight-headed hydra closely misses you.
The eight-headed hydra bites you!
* * * LOW HITPOINT WARNING * * *
The eight-headed hydra bites you!
* * * LOW HITPOINT WARNING * * *
The eight-headed hydra bites you but does no damage. x2
The eight-headed hydra bites you.
* * * LOW HITPOINT WARNING * * *
The eight-headed hydra bites you!
You die...

#.....## #.###
##....####...
#....##.#.#
#......#..#
#......#...####
##.........P..####.
#.................
#.........D...((.(.
#........@S...)...(
##....P##..........
.....P##..P#P$P...
....## #..P######.
?.. ...## #....
##... .....


You could see an eight-headed hydra (blind) and a water moccasin.

Vanquished Creatures
  A hydra (Lair:1)
  Erica (D:11)
  3 two-headed ogres
  An ugly thing (D:11)
  2 cyclopes (D:11)
  A centaur zombie (D:10)
  A black mamba (Lair:1)
  A rime drake (Lair:1)
  2 komodo dragons (Lair:1)
  A troll (D:9)
  2 hippogriffs
  3 wyverns
  10 yaks
  A human (D:9)
  Grum (D:10)
  2 hungry ghosts
  3 hogs (D:9)
  Eustachio (D:4)
  An acid dragon (D:9)
  2 water moccasins
  A porcupine (Lair:1)
  5 orc warriors
  3 black bears
  4 sky beasts
  5 ogres
  3 phantoms
  A necrophage (D:5)
  3 wolves (D:10)
  4 centaurs
  2 big kobolds (D:9)
  8 bullfrogs
  A wyvern skeleton (D:11)
  2 scorpions (D:5)
  9 wights
  A howler monkey (D:5)
  4 crimson imps
  5 jellies
  A bullfrog zombie (D:6)
  6 hounds
  6 orc priests
  A bullfrog skeleton (D:10)
  6 orc wizards
  Terence (D:2)
  3 iguanas
  8 worker ants
  A hound zombie (D:6)
  2 hound skeletons
  A howler monkey zombie (D:5)
  3 gnolls (D:8)
  A howler monkey skeleton (D:9)
  9 adders
  2 shadow imps
  An ooze (D:3)
  2 adder zombies (D:5)
  An adder skeleton (D:4)
  6 worms
  4 dart slugs
  9 leopard geckos
  36 orcs
  2 giant cockroaches
  10 hobgoblins
  13 jackals
  15 kobolds
  4 quokkas
  14 bats
  6 frilled lizards
  A giant cockroach zombie (D:5)
  7 goblins
  A jackal zombie (D:7)
  A quokka skeleton (D:8)
  7 rats
  3 plants (Lair:1)
295 creatures vanquished.

Vanquished Creatures (others)
  A wizard (D:6)
  An orc warrior (D:11)
  A kobold (D:9)
3 creatures vanquished.

Grand Total: 298 creatures vanquished

Notes
Turn   | Place    | Note
-------+----------+-------------------------------------------
     0 | D:1      | magipi the Troll Hunter began the quest for the Orb.
     0 | D:1      | Reached XP level 1. HP: 19/19 MP: 0/0
   100 | D:1      | Reached skill level 1 in Unarmed Combat
   125 | D:1      | Reached XP level 2. HP: 26/27 MP: 1/1
   363 | D:1      | Reached skill level 2 in Unarmed Combat
   504 | D:2      | Noticed Terence
   513 | D:1      | Reached XP level 3. HP: 33/33 MP: 2/2
   888 | D:2      | HP: 1/33 [Terence/short sword of venom (7)]
  1094 | D:2      | Reached XP level 4. HP: 40/41 MP: 3/3
  1099 | D:2      | Reached skill level 3 in Unarmed Combat
  1217 | D:2      | Found a deep blue altar of Sif Muna.
  1217 | D:2      | Found a basalt altar of Yredelemnul.
  1352 | D:2      | Killed Terence
  1424 | D:2      | Reached XP level 5. HP: 48/48 MP: 4/4
  1708 | D:3      | Reached skill level 4 in Unarmed Combat
  2371 | D:4      | Noticed Eustachio
  2385 | D:4      | Killed Eustachio
  2385 | D:4      | Reached skill level 5 in Throwing
  2385 | D:4      | Reached skill level 5 in Unarmed Combat
  2385 | D:4      | Reached XP level 6. HP: 46/55 MP: 5/5
  2397 | D:4      | Identified the Guide on Conjuration
  2872 | D:5      | Entered Level 5 of the Dungeon
  2913 | D:5      | Found a stormy altar of Qazlal.
  2936 | D:5      | Reached skill level 6 in Unarmed Combat
  2936 | D:5      | Reached XP level 7. HP: 55/60 MP: 6/6
  3325 | D:5      | Found the brooch of Shielding {Reflect SH+8}
  3785 | D:5      | Reached skill level 7 in Unarmed Combat
  3869 | D:6      | Found a staircase to the Ecumenical Temple.
  3874 | Temple   | Entered the Ecumenical Temple
  3974 | Temple   | Became a worshipper of Ru the Awakened
  4157 | D:6      | Reached XP level 8. HP: 61/68 MP: 7/7
  4307 | D:6      | Found an ancient bone altar of Kikubaaqudgha.
  4590 | D:6      | Reached skill level 8 in Unarmed Combat
  4672 | D:6      | Found a bloodstained altar of Trog.
  4673 | D:6      | Noticed a wizard
  4679 | D:6      | Killed a wizard
  4948 | D:7      | Reached skill level 9 in Unarmed Combat
  5131 | D:7      | Gained mutation: You are somewhat inexperienced. (-2 XL) [Ru sacrifice]
  5131 | D:7      | Reached XP level 7. HP: 60/60 MP: 6/6
  5131 | D:7      | Reached XP level 6. HP: 53/53 MP: 5/5
  5131 | D:7      | Reached * piety under Ru
  5131 | D:7      | Reached ** piety under Ru
  5193 | D:7      | Noticed a sky beast
  5223 | D:7      | Killed a sky beast
  5223 | D:7      | Reached XP level 7. HP: 60/60 MP: 6/6
  5576 | D:8      | Noticed a two-headed ogre
  5957 | D:8      | Reached skill level 10 in Unarmed Combat
  5957 | D:8      | Reached XP level 8. HP: 68/68 MP: 7/7
  6415 | D:8      | Killed a two-headed ogre
  6542 | D:7      | Reached skill level 11 in Unarmed Combat
  6648 | D:8      | Reached XP level 9. HP: 65/74 MP: 8/8
  6894 | D:9      | Noticed a two-headed ogre
  6906 | D:9      | Killed a two-headed ogre
  7073 | D:9      | Reached skill level 12 in Unarmed Combat
  7145 | D:9      | Reached XP level 10. HP: 52/83 MP: 9/9
  7308 | D:9      | Found a shimmering altar of Xom.
  7315 | D:9      | Found a burning altar of Makhleb.
  7407 | D:9      | Found a staircase to the Lair.
  7498 | D:9      | Gained mutation: You cannot train Armour skill. [Ru sacrifice]
  7498 | D:9      | Reached *** piety under Ru
  7719 | D:9      | Reached skill level 1 in Evocations
  7917 | D:10     | Entered Level 10 of the Dungeon
  7977 | D:10     | Found a shimmering altar of Xom.
  8067 | D:10     | Found a staircase to the Orcish Mines.
  8137 | D:10     | Noticed Grum
  8158 | D:10     | Killed Grum
  8917 | D:11     | Noticed a two-headed ogre
  8984 | D:11     | Noticed a cyclops
  9000 | D:11     | Killed a cyclops
  9079 | D:11     | Killed a two-headed ogre
  9079 | D:11     | Reached XP level 11. HP: 86/95 MP: 10/12
  9084 | D:11     | Noticed a red ugly thing
  9099 | D:11     | Killed a red ugly thing
  9099 | D:11     | Reached skill level 10 in Throwing
  9161 | D:11     | Found a shadowy altar of Dithmenos.
  9236 | D:11     | Noticed Erica
  9258 | D:11     | Killed Erica
  9799 | D:11     | Gained mutation: You cannot train Dodging skill. [Ru sacrifice]
  9799 | D:11     | Reached **** piety under Ru
  9799 | D:11     | Reached ***** piety under Ru
  9842 | Lair:1   | Entered Level 1 of the Lair of Beasts
  9889 | Lair:1   | Reached skill level 5 in Fighting
 10071 | Lair:1   | Identified a scroll of acquirement
 10075 | Lair:1   | Got a smoking cloak
 10081 | Lair:1   | Identified the +1 cloak of Fallacy {rF+} (You acquired it on level 1 of the Lair of Beasts)
 10210 | Lair:1   | Noticed a six-headed hydra
 10214 | Lair:1   | Killed a six-headed hydra
 10636 | Lair:2   | Noticed an eight-headed hydra
 10645 | Lair:2   | HP: 1/103 [eight-headed hydra (5)]
 10645 | Lair:2   | Mangled by an eight-headed hydra

Skill      XL: |  1  2  3  4  5  6  7  8  9 10 11 |
---------------+----------------------------------+-----
Unarmed Combat | 1 2 3 5 6 10 11 12 | 12.5
Throwing       | 4 5 6 8 9 10 | 10.0
Fighting       | 3 5 |  5.7
Dodging        | 3 0 |  0.0
Evocations     | 2 4 |  4.9
Stealth        | |  0.3

Action                   |  1- 3 |  4- 6 |  7- 9 | 10-12 || total
-------------------------+-------+-------+-------+-------++-------
Melee: Unarmed           |   120 |   186 |   325 |   310 ||   941
       Punch             |     1 |     5 |    15 |    15 ||    36
 Fire: Blowgun           |       |       |       |     4 ||     4
Throw: Large rock        |     4 |     3 |    28 |    27 ||    62
       Throwing net      |       |     2 |     1 |       ||     3
Invok: Sacrifice Experie |       |     1 |       |       ||     1
       Sacrifice Durabil |       |       |       |     1 ||     1
       Apocalypse        |       |       |       |     1 ||     1
       Sacrifice Nimblen |       |       |       |     1 ||     1
Evoke: Wand              |       |       |     3 |     4 ||     7
  Use: Potion            |     2 |       |       |     1 ||     3
       Scroll            |       |    10 |     7 |     7 ||    24
 Stab: Held in net/web   |       |     2 |       |       ||     2
       Invisible         |       |       |     1 |     2 ||     3
       Distracted        |       |       |       |     1 ||     1
       Paralysed         |       |       |       |     1 ||     1
  Eat: Chunk             |    15 |    15 |    37 |    33 ||   100
       Ration            |       |       |     1 |       ||     1
Armor: Robe              |    76 |    58 |    67 |    21 ||   222
       Troll leather arm |       |       |       |    50 ||    50
Dodge: Dodged            |    73 |    84 |    88 |    78 ||   323
Block: Other             |       |     1 |    79 |    97 ||   177
       Reflection        |       |       |     3 |     6 ||     9

Action                   |  1- 3 |  4- 6 |  7- 9 | 10-12 || total
-------------------------+-------+-------+-------+-------++-------
Melee: Unarmed           |   120 |   186 |   325 |   310 ||   941
       Punch             |     1 |     5 |    15 |    15 ||    36
 Fire: Blowgun           |       |       |       |     4 ||     4
Throw: Large rock        |     4 |     3 |    28 |    27 ||    62
       Throwing net      |       |     2 |     1 |       ||     3
Invok: Sacrifice Experie |       |     1 |       |       ||     1
       Sacrifice Durabil |       |       |       |     1 ||     1
       Apocalypse        |       |       |       |     1 ||     1
       Sacrifice Nimblen |       |       |       |     1 ||     1
Evoke: Wand              |       |       |     3 |     4 ||     7
  Use: Potion            |     2 |       |       |     1 ||     3
       Scroll            |       |    10 |     7 |     7 ||    24
 Stab: Held in net/web   |       |     2 |       |       ||     2
       Invisible         |       |       |     1 |     2 ||     3
       Distracted        |       |       |       |     1 ||     1
       Paralysed         |       |       |       |     1 ||     1
  Eat: Chunk             |    15 |    15 |    37 |    33 ||   100
       Ration            |       |       |     1 |       ||     1
Armor: Robe              |    76 |    58 |    67 |    21 ||   222
       Troll leather arm |       |       |       |    50 ||    50
Dodge: Dodged            |    73 |    84 |    88 |    78 ||   323
Block: Other             |       |     1 |    79 |    97 ||   177
       Reflection        |       |       |     3 |     6 ||     9
